 Dungeon Crawl Stone Soup version 0.28.0-45-g0d030f2227 (webtiles) character file.

Game seed: 12582089662623143572

80 101zpm the Firebug (level 4, -2/24 HPs)
             Began as a Gargoyle Fire Elementalist on Apr 21, 2022.
             Slain by a killer bee (5 damage)
             ... on level 4 of the Dungeon.
             The game lasted 00:05:05 (2165 turns).

101zpm the Firebug (Gargoyle Fire Elementalist)     Turns: 2165, Time: 00:05:05

Health: -2/24      AC:  6    Str: 12    XL:     4   Next: 39%
Magic:  1/8        EV: 12    Int: 17    God:
Gold:   82         SH:  0    Dex: 10    Spells: 5/8 levels left

rFire   . . .      SeeInvis .   d - +2 whip (venom)
rCold   . . .      Faith    .   (no shield)
rNeg    + . .      Spirit   .   a - +0 robe
rPois   ∞          Reflect  .   (no helmet)
rElec   +          Harm     .   (no cloak)
rCorr   .          Rampage  .   (no gloves)
Will    .....                   c - +0 pair of boots
Stlth   ++........              (no amulet)
HPRegen 0.08/turn               (no ring)
MPRegen 0.11/turn               (no ring)

@: no status effects
A: sickness immunity, AC +3, negative energy resistance 1, electricity
resistance, torment resistance 1, petrification resistance
a: no special abilities


You were on level 4 of the Dungeon.
You visited 1 branch of the dungeon, and saw 4 of its levels.

You collected 82 gold pieces.

Inventory:

Hand Weapons
 d - a +2 whip of venom (weapon)
Missiles
 e - 26 stones
 i - 6 javelins
Armour
 a - a +0 robe (worn)
 c - a +0 pair of boots (worn)
 h - a +0 pair of gloves
Scrolls
 b - a scroll of identify {unknown}
 g - a scroll of enchant armour {unknown}
 j - a scroll of holy word {unknown}
Potions
 f - a potion of heal wounds {unknown}


   Skills:
 + Level 0.1 Fighting
 + Level 0.9 Maces & Flails
 + Level 1.7 Dodging
 + Level 2.9 Stealth
 + Level 2.6 Spellcasting
 + Level 1.9 Conjurations
 + Level 3.6 Fire Magic


You had 5 spell levels left.
You knew the following spells:

 Your Spells              Type           Power      Damage    Failure   Level
a - Foxfire               Conj/Fire      44%        2x1d6     6%          1
b - Scorch                Fire           28%        2d6       6%          2

Your spell library contained the following spells:

 Spells                   Type           Power      Damage    Failure   Level
 Conjure Flame            Conj/Fire      11%        6-21      17%         3
 Beastly Appendage        Tmut           4%         N/A       19%         1
 Summon Small Mammal      Summ           8%         N/A       19%         1
 Inner Flame              Hex/Fire       8%         N/A       26%         3
 Wereblood                Tmut           2%         N/A       28%         2
 Call Canine Familiar     Summ           2%         N/A       50%         3
 Spider Form              Tmut/Pois      2%         N/A       50%         3
 Summon Guardian Golem    Hex/Summ       2%         N/A       50%         3
 Flame Wave               Conj/Fire      11%        2d5       50%         4


Dungeon Overview and Level Annotations

Branches:
Dungeon (4/15)
 Temple: D:4-7

Altars:


Innate Abilities, Weirdness & Mutations

You are immune to sickness and miasma.
Your stone body is resilient. (AC +3)
You are immune to poison.
You resist negative energy. (rN+)
You are resistant to electric shocks. (rElec)
You are resistant to unholy torment.
You are immune to petrification.


Message History

Press: ? - help, Q - select action, (/) - cycle Dir - look around, f - activate You conjure some foxfire!
The foxfire hits the killer bee but does no damage.
A killer bee comes into view.
The killer bee barely misses you. The killer bee stings you.
The killer bee moves out of view.
Casting: Foxfire (safe; 6% risk of failure)
Press: ? - help, Q - select action, (/) - cycle Dir - look around, f - activate You conjure some foxfire!
The foxfire hits the killer bee.
The killer bee is lightly wounded.
The foxfire hits the killer bee.
The killer bee is moderately wounded.
The killer bee closely misses you.
The foxfire hits the killer bee.
The killer bee is moderately wounded.
The foxfire hits the killer bee.
The killer bee is heavily wounded.
The killer bee stings you but does no damage.
Casting: Foxfire (safe; 6% risk of failure)
Confirm with . or Enter, or press ? or * to list all spells.
Flames lash the killer bee.
The killer bee is moderately wounded.
The killer bee's fire resistance burns away.
The foxfire hits the killer bee.
The killer bee is severely wounded.
The killer bee stings you but does no damage.
The killer bee stings you. The killer bee completely misses you.
The killer bee stings you but does no damage.
The killer bee stings you.
Casting: Scorch (safe; 6% risk of failure)
Confirm with . or Enter, or press ? or * to list all spells.
Flames lash the killer bee.
The killer bee is moderately wounded.
The killer bee's fire resistance burns away.
The killer bee closely misses you.
The killer bee stings you but does no damage.
The killer bee misses you. The killer bee stings you!
* * * LOW HITPOINT WARNING * * *
The killer bee barely misses you. The killer bee stings you.
You die...

..# ....# ###.###...#.##
###.........#..#
####..............#
#.###.............## ..
..###......#...##..# ...
...#.......#...# y.#....
.....#....##.####y......
................@y##
..........#......y.#
............?..........
..................##..#
..)................. .#
..................... #
.......................
................#.$.##.
..........###...##.##


You could see 4 killer bees.

Vanquished Creatures
  A jelly (D:4)
  2 adders
  4 ball pythons
  3 endoplasms
  2 giant cockroaches (D:2)
  5 goblins (D:2)
  A hobgoblin (D:2)
  3 kobolds
  3 quokkas (D:2)
  4 bats (D:2)
  A frilled lizard (D:3)
  2 rats (D:2)
31 creatures vanquished.

Vanquished Creatures (others)
  72 foxfires
72 creatures vanquished.

Grand Total: 103 creatures vanquished

Notes
Turn   | Place    | Note
-------+----------+-------------------------------------------
     0 | D:1      | 101zpm the Gargoyle Fire Elementalist began the quest for
                  | the Orb.
     0 | D:1      | Reached XP level 1. HP: 10/10 MP: 3/3
     1 | D:1      | Noticed an electric eel
   224 | D:2      | Reached XP level 2. HP: 15/15 MP: 1/5
   336 | D:2      | Learned a level 2 spell: Scorch
   510 | D:2      | Reached XP level 3. HP: 19/19 MP: 3/6
   678 | D:2      | Found a faded altar of an unknown god.
  2135 | D:4      | Reached XP level 4. HP: 20/24 MP: 6/8
  2165 | D:4      | Slain by a killer bee

Illustrated notes

Levels and vault maps discovered:
D:1:      arrival_aquarium_a, layout_rooms, patterned_corridor
D:2:      layout_basic, basic_ecumenical_altar
D:3:      layout_rooms
D:4:      layout_cave_pools, mainiacjoe_overflow_tiny_flanked,
          hangedman_decor_growths

Action                   |  1- 3 |  4- 6 || total
-------------------------+-------+-------++-------
Melee: Unarmed           |     6 |       ||     6
       Whip              |    32 |       ||    32
 Cast: Foxfire           |    38 |     3 ||    41
       Scorch            |       |     2 ||     2
 Stab: Distracted        |     1 |       ||     1
       Sleeping          |     6 |       ||     6
Armor: Robe              |    17 |     4 ||    21
Dodge: Dodged            |    24 |     6 ||    30
